Map: Abandoned Parish

Players

Flexpinoy

  • Race: Terran Terran
  • Spawn Location: 3:00

Supersoldier

  • Race: Protoss Protoss
  • Spawn Location: 9:00

lostchild

  • Race: Protoss Protoss
  • Spawn Location: 12:00

Mordu

  • Race: Zerg Zerg
  • League: Silver
  • Spawn Location: 12:00

lllllll

  • Race: Terran Terran
  • Spawn Location: 7:00

Vader

  • Race: Terran Terran
  • Spawn Location: 3:00

Grumm

  • Race: Terran Terran
  • League: Gold
  • Spawn Location: 6:00

Popgiant

  • Race: Terran Terran
  • Spawn Location: 6:00

VOD

Have the link to the VOD?

Description

Time

  • Played on: Jan. 20, 2016, 1:14 a.m.
  • Length: 10:25
Show
View Real Time Build Order
Export as new Build Order

Flexpinoy Terran 

Build Orders:  

Get SALT Encoding   

  12  1:43  Supply Depot  
  12  1:46  SCV  
  13  1:58  SCV  
  14  2:02  Refinery  
  14  2:06  Command Center  
  14  2:08  Refinery  
  14  2:10  SCV  
  14  2:15  Barracks  
  15  2:22  SCV  
  16  2:34  SCV  
  17  2:46  SCV  
  18  2:58  SCV  
  18  3:03  Supply Depot  
  19  3:10  Factory  
  19  3:11  SCV  
  20  3:21  SCV  
  20  3:22  Refinery  
  20  3:23  SCV  
  22  3:33  Marine, SCV  
  24  3:35  SCV  
  25  3:50  Factory  
  25  3:51  Marine, SCV  
  25  3:54  SCV  
  28  4:01  Refinery  
  28  4:03  SCV  
  28  4:06  SCV  
  28  4:09  Marine  
  31  4:12  Armory  
  31  4:15  Factory Tech Lab  
  31  4:19  SCV  
  32  4:31  SCV  
  32  4:35  Marine  
  34  4:38  Factory Tech Lab  
  34  4:49  Factory  
  34  4:53  SCV  
  35  5:00  Thor  
  35  5:05  SCV  
  42  5:13  Supply Depot  
  42  5:20  SCV  
  43  5:36  Thor  
  43  5:38  Factory Tech Lab  
  43  5:41  SCV  
  50  5:50  Supply Depot  
  50  5:53  SCV  
  51  6:06  SCV  
  52  6:12  Terran Vehicle Weapons Level 1  
  52  6:23  Thor  
  58  6:31  Supply Depot  
  58  6:49  SCV  
  58  6:52  Thor  
  65  6:58  Supply Depot  
  65  7:02  SCV  
  66  7:12  Factory  
  66  7:26  Supply Depot  
  66  7:31  Thor  
  72  7:46  SCV  
  72  7:48  Supply Depot  
  73  7:51  Thor  
  73  7:58  SCV  
  80  7:59  Factory Tech Lab  
  80  8:09  Thor  
  86  8:23  Thor  
  92  8:31  Supply Depot  
  92  8:40  SCV  
  93  8:53  Supply Depot  
  93  9:03  Command Center  
  93  9:07  Thor  
  99  9:25  Thor  
  105  9:51  Supply Depot  
Show
View Real Time Build Order
Export as new Build Order

Supersoldier Protoss 

Build Orders: Forge Fast Expand (FFE) 

Get SALT Encoding   

  12  0:02  Probe (Chrono Boost)  
  13  0:13  Probe (Chrono Boost)  
  14  0:25  Probe (Chrono Boost)  
  15  0:28  Pylon  
  15  0:47  Probe (Chrono Boost)  
  16  0:58  Probe (Chrono Boost)  
  16  0:59  Forge  
  17  1:08  Probe (Chrono Boost)  
  18  1:18  Nexus  
  18  1:30  Gateway  
  18  1:39  Photon Cannon  
  18  1:46  Pylon  
  18  1:54  Photon Cannon  
  18  1:57  Probe (Chrono Boost)  
  19  2:07  Assimilator  
  19  2:10  Assimilator  
  19  2:21  Cybernetics Core  
  19  2:26  Photon Cannon  
  19  2:41  Photon Cannon  
  19  2:43  Pylon  
  19  2:52  Probe (Chrono Boost)  
  20  3:00  Warp Gate (Chrono Boost)  
  20  3:03  Probe (Chrono Boost)  
  21  3:10  Probe (Chrono Boost)  
  22  3:13  Probe (Chrono Boost)  
  22  3:14  Photon Cannon  
  22  3:19  Probe (Chrono Boost)  
  23  3:26  Probe  
  25  3:31  Probe  
  26  3:38  Probe  
  27  3:41  Probe  
  27  3:47  Photon Cannon  
  28  3:52  Probe  
  29  3:55  Pylon  
  29  3:58  Pylon  
  29  4:03  Probe  
  30  4:13  Probe  
  31  4:24  Probe  
  32  4:34  Probe  
  33  4:40  Pylon  
  33  4:45  Probe  
  34  4:52  Robotics Facility  
  34  4:55  Probe  
  34  4:56  Stargate  
  34  4:59  Gateway  
  35  5:00  Gateway  
  35  5:01  Gateway  
  35  5:04  Assimilator  
  35  5:05  Assimilator  
  35  5:06  Probe  
  35  5:11  Protoss Shields Level 1  
  36  5:19  Photon Cannon  
  36  5:21  Gateway  
  36  5:29  Photon Cannon  
  36  5:37  Probe  
  36  5:42  Observer  
  38  5:48  Void Ray  
  42  5:59  Photon Cannon x2  
  42  6:03  Photon Cannon  
  42  6:04  Observer  
  43  6:05  Pylon, Probe  
  44  6:20  Zealot x3  
  44  6:21  Zealot  
  45  6:26  Photon Cannon  
  43  6:39  Phoenix  
  45  6:49  Stalker x2  
  49  7:16  Photon Cannon  
  49  7:27  Void Ray  
  53  7:35  Observer  
  54  8:09  Void Ray  
  57  8:15  Stalker x3  
  57  8:16  Stalker  
  55  8:54  Probe  
  55  8:58  Probe  
  57  9:05  Probe  
  54  9:10  Probe  
  54  9:14  Warp Prism  
  54  9:15  Probe  
  52  9:19  Fleet Beacon  
  52  9:22  Stargate, Probe  
  54  9:26  Probe  
  54  9:27  Twilight Council  
  53  9:34  Probe  
  53  9:36  Stalker x4  
  53  9:38  Stalker  
  64  9:46  Probe  
  65  9:58  Probe  
  66  10:12  Dark Shrine  
Show
View Real Time Build Order
Export as new Build Order

lostchild Protoss 

Build Orders:  

Get SALT Encoding   

  12  4:04  Probe (Chrono Boost)  
  13  4:15  Probe (Chrono Boost)  
  14  4:23  Pylon  
  14  4:25  Probe (Chrono Boost)  
  14  4:30  Assimilator  
  15  4:41  Probe (Chrono Boost)  
  15  4:43  Gateway  
  16  4:46  Gateway  
  16  4:52  Probe (Chrono Boost)  
  17  5:03  Probe (Chrono Boost)  
  18  5:13  Probe (Chrono Boost)  
  19  5:18  Assimilator  
  19  5:24  Pylon, Probe (Chrono Boost)  
  20  5:31  Cybernetics Core  
  20  5:33  Zealot  
  20  5:34  Probe (Chrono Boost)  
  23  5:42  Zealot  
  25  5:45  Probe (Chrono Boost)  
  26  5:53  Nexus  
  26  5:55  Probe (Chrono Boost)  
  26  5:56  Pylon  
  27  6:00  Zealot  
  29  6:06  Probe (Chrono Boost)  
  30  6:11  Warp Gate (Chrono Boost)  
  30  6:17  Gateway, Probe  
  31  6:20  Zealot  
  33  6:28  Zealot  
  33  6:29  Probe  
  33  6:31  Pylon  
  36  6:33  Pylon  
  36  6:41  Probe  
  37  6:47  Zealot  
  37  6:51  Assimilator  
  37  6:53  Probe  
  40  6:56  Assimilator  
  40  6:57  Zealot  
  42  7:05  Probe  
  42  7:07  Probe  
  44  7:17  Probe  
  44  7:18  Probe  
  46  7:28  Probe  
  46  7:29  Probe, Zealot x3  
  53  7:34  Twilight Council  
  53  7:35  Gateway  
  54  7:37  Gateway  
  54  7:38  Gateway  
  54  7:39  Probe  
  54  7:41  Probe, Gateway  
  56  7:46  Forge  
  56  7:49  Probe  
  57  7:54  Probe  
  58  8:00  Probe  
  59  8:06  Probe  
  59  8:10  Probe  
  61  8:13  Charge (Chrono Boost)  
  61  8:17  Templar Archives  
  61  8:18  Probe  
  62  8:21  Probe  
  63  8:30  Probe  
  63  8:31  Probe  
  65  8:35  Stalker x2  
  69  8:43  Pylon  
  69  8:44  Pylon  
  69  8:46  Pylon  
  69  8:52  Pylon  
  69  9:02  High Templar  
  69  9:03  High Templar x4  
  69  9:04  High Templar  
  69  9:07  Zealot  
  83  9:13  Nexus  
  83  9:24  Probe  
  83  9:28  Pylon  
  83  9:29  Pylon, Zealot  
  86  9:35  Zealot x3  
  86  9:36  Zealot x3  
  70  10:05  Zealot x2  
  70  10:06  Zealot x5  
Show
View Real Time Build Order
Export as new Build Order

Mordu Zerg 

Build Orders: Hatch First 

Get SALT Encoding   

  12  0:01  Drone  
  13  0:13  Overlord  
  13  0:18  Drone  
  14  0:32  Drone x2  
  16  0:36  Drone  
  17  0:57  Drone  
  17  0:59  Hatchery  
  17  1:01  Drone  
  18  1:08  Drone, Extractor  
  18  1:19  Drone  
  18  1:25  Spawning Pool  
  18  1:32  Drone  
  19  1:40  Drone  
  20  1:52  Drone  
  21  2:01  Overlord  
  21  2:12  Extractor  
  21  2:14  Lair  
  20  2:16  Queen  
  20  2:19  Drone x2  
  20  2:22  Drone  
  25  2:25  Drone  
  26  2:33  Drone  
  27  2:41  Drone  
  28  2:44  Drone x2  
  30  2:51  Queen  
  32  3:00  Drone x2  
  34  3:09  Overlord  
  34  3:10  Overlord  
  34  3:20  Hydralisk Den  
  33  3:31  Drone x6  
  33  3:32  Drone  
  40  3:37  Extractor  
  40  3:39  Drone  
  40  3:41  Extractor  
  39  3:42  Drone  
  40  3:53  Muscular Augments  
  40  4:02  Drone x5, Hatchery  
  44  4:03  Drone x2  
  46  4:39  Hydralisk x3  
  46  4:43  Overlord  
  46  4:44  Overlord x4  
  52  4:56  Evolution Chamber x2  
  50  5:09  Drone  
  50  5:10  Drone x7  
  50  5:11  Drone x3  
  61  5:15  Queen  
  61  5:17  Drone  
  61  5:19  Drone  
  65  5:24  Drone  
  66  5:28  Zerg Missile Weapons Level 1  
  66  5:29  Zerg Ground Armor Level 1  
  66  5:32  Lurker Den  
  66  5:44  Spore Crawler  
  66  5:49  Spore Crawler  
  64  5:51  Spore Crawler  
  63  5:58  Hydralisk x4  
  63  5:59  Hydralisk x5  
  81  6:07  Extractor  
  81  6:09  Extractor  
  81  6:10  Drone x2  
  81  6:16  Drone  
  81  6:17  Drone x3  
  85  6:38  Hydralisk x4  
  85  6:39  Hydralisk x2  
  97  6:42  Overlord x4  
  97  7:07  Drone  
  98  7:11  Hydralisk x6  
  98  7:12  Hydralisk x6  
  122  7:26  Zerg Missile Weapons Level 2  
  122  7:27  Zerg Ground Armor Level 2  
  122  7:33  Infestation Pit  
  121  7:39  Hydralisk x3  
  121  7:40  Hydralisk  
  121  7:43  Overlord x5  
  113  9:51  Hydralisk  
  113  9:52  Hydralisk x8  
  113  9:53  Hydralisk x7  
  113  9:54  Hydralisk x2  
Show
View Real Time Build Order
Export as new Build Order

lllllll Terran 

Build Orders:  

Get SALT Encoding   

  12  2:06  SCV  
  13  2:14  Command Center  
  13  2:18  Command Center, SCV  
  13  2:20  Command Center  
  13  2:22  Supply Depot  
  14  2:45  Barracks  
  14  2:47  SCV  
  15  2:59  SCV  
  16  3:11  SCV  
  17  3:24  SCV  
  18  3:36  SCV  
  19  3:48  SCV  
  20  4:41  SCV x4  
  24  4:47  Refinery  
  24  4:48  Refinery  
  24  4:53  SCV x4  
  24  4:59  Marine  
  29  5:04  Refinery x2  
  29  5:05  SCV x4  
  33  5:09  Command Center  
  33  5:17  Marine, SCV  
  33  5:18  SCV x3  
  38  5:29  SCV  
  38  5:30  SCV x3  
  38  5:34  Marine  
  43  5:41  SCV  
  43  5:42  SCV x3  
  47  5:53  SCV  
  47  5:54  SCV x3  
  51  6:31  Orbital Command x5  
  51  6:54  Engineering Bay  
  51  6:56  SCV  
  51  6:57  Factory, SCV x4  
  56  7:01  Refinery  
  56  7:03  Refinery  
  57  7:08  SCV  
  57  7:09  SCV x4  
  61  7:20  SCV  
  61  7:21  SCV x4  
  66  7:32  SCV  
  66  7:33  SCV x4  
  70  7:42  Missile Turret, Widow Mine  
  70  7:43  Missile Turret  
  70  7:44  Missile Turret, SCV  
  70  7:45  SCV x4  
  68  8:11  Widow Mine  
  51  8:39  Widow Mine  
  9  9:08  Widow Mine  
  5  9:37  Widow Mine  
Show
View Real Time Build Order
Export as new Build Order

Vader Terran 

Build Orders:  

Get SALT Encoding   

  12  0:03  SCV  
  13  0:17  Supply Depot  
  13  0:20  SCV  
  14  0:43  SCV  
  14  0:46  Barracks  
  15  0:57  SCV  
  16  1:15  Refinery  
  16  1:26  SCV  
  17  1:34  Marine  
  18  1:40  Supply Depot  
  18  1:45  Refinery  
  18  1:48  SCV  
  18  1:52  Marine  
  20  2:00  SCV  
  21  2:10  Marine  
  22  2:17  SCV  
  22  2:18  Barracks  
  23  2:28  Marine  
  25  2:30  SCV  
  25  2:46  Marine  
  25  2:47  Orbital Command  
  26  3:03  Marine  
  27  3:06  Barracks Reactor  
  27  3:11  Supply Depot  
  27  3:17  SCV  
  28  3:21  Marine  
  29  3:34  Supply Depot  
  29  3:39  Marine  
  30  3:42  Barracks  
  30  3:43  Marine  
  30  3:44  Marine  
  32  3:59  Supply Depot  
  32  4:00  Barracks Reactor  
  32  4:02  Marine x2  
  34  4:22  Marine x2  
  36  4:27  Command Center  
  36  4:31  Barracks Reactor  
  36  4:37  Marine x2  
  38  4:40  Engineering Bay  
  38  4:41  Marine x2  
  40  4:58  Marine x2  
  40  4:59  Marine x2  
  44  5:06  Terran Infantry Weapons Level 1  
  44  5:12  Factory  
  44  5:15  Marine x2  
  44  5:17  Marine x2  
  44  5:18  Marine x2  
  50  5:40  SCV  
  51  5:45  Marine x2  
  51  5:47  Marine x2  
  51  5:48  Marine  
  51  5:49  Marine  
  57  5:52  SCV  
  58  6:00  Armory  
  58  6:01  Factory Tech Lab  
  58  6:08  SCV  
  58  6:11  Marine x2  
  59  6:12  Marine x2  
  59  6:13  Marine x2  
  65  6:20  SCV  
  66  6:32  SCV  
  67  6:34  Siege Tank  
  70  6:47  Engineering Bay  
  70  7:00  Terran Infantry Armor Level 1  
  70  7:31  Terran Infantry Weapons Level 2  
  70  7:32  Supply Depot  
  70  7:53  Marine x5, Siege Tank  
  78  8:03  Supply Depot  
  78  8:22  Marine x6  
  78  8:26  Planetary Fortress  
  84  8:41  Missile Turret  
Show
View Real Time Build Order
Export as new Build Order

Grumm Terran 

Build Orders: 1/1/1 

Get SALT Encoding   

  12  0:01  SCV  
  13  0:14  Supply Depot  
  13  0:19  SCV  
  14  0:29  Refinery  
  14  0:31  SCV  
  15  0:44  Barracks  
  15  0:49  SCV  
  16  0:58  Supply Depot  
  16  1:02  SCV  
  17  1:09  Refinery  
  17  1:14  SCV  
  18  1:26  SCV  
  19  1:36  Factory  
  19  1:37  Marine  
  20  1:41  SCV  
  21  1:53  Orbital Command  
  21  2:09  Barracks Reactor  
  21  2:19  Starport  
  21  2:23  Barracks  
  21  2:27  Factory Reactor  
  21  2:32  SCV  
  22  2:44  SCV  
  23  2:45  Supply Depot  
  23  2:49  Marine  
  24  2:53  Marine  
  24  2:58  Starport Tech Lab  
  25  3:17  Armory, Factory Tech Lab  
  25  3:21  Engineering Bay  
  25  3:38  Marine  
  25  3:39  Marine  
  25  3:41  SCV  
  28  3:47  Missile Turret  
  28  3:51  Terran Infantry Weapons Level 1  
  28  3:55  Armory  
  28  3:56  Marine  
  28  3:57  Marine  
  28  3:58  Medivac  
  28  4:00  Medivac  
  34  4:08  Stimpack  
  34  4:20  Missile Turret  
  34  4:24  Marauder  
  36  4:26  Marine  
  37  4:32  Widow Mine  
  39  4:43  Supply Depot  
  39  4:54  Terran Vehicle And Ship Armor Level 1  
  39  4:59  Supply Depot  
  39  5:05  Widow Mine  
  41  5:09  Drilling Claws  
  41  5:17  Marine x2  
  43  5:25  Marauder  
  45  5:45  Terran Infantry Armor Level 1  
  45  5:49  SCV  
  46  6:04  Command Center  
  33  6:42  SCV  
  34  6:54  SCV  
  33  6:56  Widow Mine  
  35  7:04  Viking x2  
  35  7:06  SCV  
  40  7:18  SCV  
  40  7:20  Starport  
  40  7:21  Supply Depot  
  41  7:25  Widow Mine, Terran Ship Weapons Level 1  
  43  7:30  SCV  
  44  7:40  Viking x2  
  44  7:42  SCV  
  49  7:44  Marine x2  
  49  7:45  Marine  
  46  8:31  Viking  
  48  8:38  Viking  
  48  8:40  Siege Tank  
  53  9:01  Marine x2  
  46  9:19  Marine  
  41  9:26  Planetary Fortress  
Show
View Real Time Build Order
Export as new Build Order

Popgiant Terran 

Build Orders: MMM Bio 

Get SALT Encoding   

  12  0:01  SCV  
  13  0:13  SCV  
  14  0:21  Supply Depot  
  14  0:25  SCV  
  15  0:42  SCV  
  16  0:43  Barracks  
  16  0:54  SCV  
  17  1:06  SCV  
  17  1:09  Refinery  
  18  1:11  Supply Depot  
  18  1:19  SCV  
  19  1:31  Marine, SCV, Barracks  
  21  1:43  SCV  
  22  1:48  Marine  
  23  1:55  SCV  
  23  1:58  Refinery  
  24  2:06  Marine  
  24  2:07  SCV  
  26  2:10  Supply Depot  
  26  2:18  Factory  
  26  2:24  Marine  
  26  2:27  SCV  
  28  2:45  Command Center  
  28  2:56  Orbital Command  
  28  3:03  Supply Depot  
  28  3:07  Barracks Tech Lab  
  28  3:20  Factory Tech Lab  
  28  3:24  Starport  
  28  3:27  Barracks Reactor  
  28  3:37  Refinery  
  28  3:48  Combat Shields  
  28  3:59  Refinery  
  28  4:03  Starport Reactor  
  28  4:11  SCV  
  28  4:16  Supply Depot  
  29  4:23  SCV  
  30  4:25  Siege Tank  
  33  4:33  Marine x2  
  33  4:35  SCV  
  36  4:43  Medivac  
  38  4:47  SCV  
  38  4:49  Medivac  
  41  4:56  Supply Depot  
  41  4:59  SCV  
  42  5:07  Stimpack  
  42  5:11  SCV  
  43  5:23  SCV  
  43  5:27  Siege Tank  
  47  5:32  Supply Depot  
  47  5:35  SCV  
  47  5:41  Barracks  
  48  5:46  Barracks  
  48  5:48  SCV  
  49  5:55  Supply Depot  
  49  6:00  Medivac, SCV  
  52  6:08  SCV  
  53  6:12  SCV  
  54  6:20  SCV  
  54  6:24  SCV  
  56  6:30  Barracks  
  56  6:32  SCV  
  57  6:33  Barracks  
  57  6:36  SCV  
  58  6:46  Barracks Reactor  
  58  6:57  Barracks Reactor  
  58  7:05  SCV  
  58  7:08  Concussive Shells  
  59  7:15  Supply Depot  
  59  7:16  Engineering Bay  
  59  7:17  SCV  
  59  7:21  Starport, Engineering Bay  
  60  7:24  Armory  
  60  7:25  Siege Tank  
  60  7:26  Starport  
  60  7:29  SCV  
  64  7:33  Barracks Reactor  
  64  7:35  Barracks Reactor  
  64  7:43  Viking x2  
  68  7:57  Siege Tank  
  71  8:13  Viking x2, Marine x11  
  86  8:29  Siege Tank  
  86  8:30  Marine  
  86  8:31  Marine x10  
  96  8:48  Marine  
  96  8:49  Marine x2  
  96  8:54  Starport Reactor  
  99  8:55  Starport Tech Lab  
  99  9:00  Orbital Command  
  99  9:05  Marauder, Marine  
  99  9:07  Marine x2  
  102  9:19  Supply Depot  
  102  9:41  Medivac x2, Marauder, Marine x2  
  102  9:42  Supply Depot  
  110  9:51  Medivac  
  110  10:03  Marine x2  
  110  10:04  Marine x4  
Tags
 
Add a new tag
Caveats
  • Supply blocks, unpowered buildings, or Contaminate may cause inaccurate times.
  • Supply counts are checked every 10 seconds.